 Dungeon Crawl Stone Soup version 0.29-a0-330-g52719c12eb (webtiles) character file.

Game seed: 16890873892585312819

73 Gwenloh the Firebug (level 4, 0/24 HPs)
             Began as a Deep Elf Fire Elementalist on May 15, 2022.
             Slain by an adder (1 damage)
             ... on level 3 of the Dungeon.
             The game lasted 00:06:24 (1991 turns).

Gwenloh the Firebug (Deep Elf Fire Elementalist)    Turns: 1991, Time: 00:06:24

Health: 0/24       AC:  2    Str:  8    XL:     4   Next: 8%
Magic:  11/11      EV: 13    Int: 22    God:
Gold:   82         SH:  0    Dex: 15    Spells: 1/10 levels left

rFire   . . .      SeeInvis .   k - +6 hand axe of Circular Logic {flame, rC+ rCorr Str+3 Stlth+}
rCold   + . .      Faith    .   (no shield)
rNeg    . . .      Spirit   .   a - +0 robe
rPois   .          Reflect  .   (no helmet)
rElec   .          Harm     .   (no cloak)
rCorr   +          Rampage  .   (no gloves)
Will    .....                   (no boots)
Stlth   +++.......              (no amulet)
HPRegen 0.08/turn               (no ring)
MPRegen 0.12/turn               (no ring)

@: lethally poisoned (0 -> -3)
A: no striking features
a: no special abilities


You were on level 3 of the Dungeon.
You visited 1 branch of the dungeon, and saw 3 of its levels.

You collected 82 gold pieces.

Inventory:

Hand Weapons
 i - a +0 dagger
 k - the +6 hand axe of Circular Logic (weapon) {flame, rC+ rCorr Str+3 Stlth+}
   (You found it on level 2 of the Dungeon)

   It burns those it strikes, dealing additional fire damage.
   Big, fiery blades are also staple armaments of hydra-hunters.
   Str:       It affects your strength (+3).
   rC:        It protects you from cold.
   rCorr:     It protects you from acid and corrosion.
   Stlth:     It makes you more stealthy.
Armour
 a - a +0 robe (worn)
Jewellery
 j - a ring of flight
 l - a +4 ring of slaying
Scrolls
 c - a scroll of blinking {unknown}
 e - a scroll of magic mapping {unknown}
 f - 4 scrolls of identify {unknown}
 h - a scroll of teleportation {unknown}
 m - a scroll of fear {unknown}
 n - a scroll of summoning {unknown}
 o - a scroll of amnesia {unknown}
Potions
 b - 2 potions of magic
 d - 2 potions of degeneration {unknown}
 g - a potion of curing {unknown}


   Skills:
 + Level 3.2 Dodging
 - Level 2.4 Stealth
 + Level 3.8 Spellcasting
 + Level 2.1 Conjurations
 * Level 4.1 Fire Magic


You had one spell level left.
You knew the following spells:

 Your Spells              Type           Power      Damage    Failure   Level
a - Foxfire               Conj/Fire      72%        2x1d7     3%          1
b - Scorch                Fire           44%        2d7       3%          2
c - Conjure Flame         Conj/Fire      18%        6-21      10%         3
d - Inner Flame           Hex/Fire       13%        N/A       14%         3

Your spell library contained the following spells:

 Spells                   Type           Power      Damage    Failure   Level
 Flame Wave               Conj/Fire      18%        2d6       30%         4


Dungeon Overview and Level Annotations

Branches:
Dungeon (3/15)

Altars:


Message History

You escape the ball python's grasp.
Casting: Scorch (safe; 3% risk of failure)
Confirm with . or Enter, or press ? or * to list all spells.
You miscast Scorch.
You are very lightly contaminated with residual magic.
Nothing appears to happen.
The ball python closely misses you. The ball python grabs you.
The ball python constricts you.
Casting: Scorch (safe; 3% risk of failure)
Confirm with . or Enter, or press ? or * to list all spells.
You don't have enough magic to cast this spell.
You escape the ball python's grasp.
Magic courses through your body. The ball python bites you.
The ball python grabs you. The ball python constricts you.
The ball python's grasp on you weakens, but your attempt to escape fails.
The ball python bites you. The ball python constricts you.
Casting: Scorch (safe; 3% risk of failure)
Confirm with . or Enter, or press ? or * to list all spells.
Flames lash the ball python.
You kill the ball python!
The hobgoblin closely misses you. The gnoll closely misses you.
Your magical contamination has completely faded away.
The hobgoblin attacks as you move away! The hobgoblin completely misses you.
The hobgoblin attacks as you move away! The hobgoblin misses you.
An adder comes into view.
The hobgoblin attacks as you move away! The hobgoblin hits you.
The hobgoblin attacks as you move away! The hobgoblin hits you.
The adder hisses angrily.
The adder bites you.
You are poisoned.
The adder poisons you! The hobgoblin attacks as you move away!
The hobgoblin hits you.
* * * LOW HITPOINT WARNING * * *
x2 You feel sick.
* * * LOW HITPOINT WARNING * * *
You feel sick. The hobgoblin attacks as you move away! The hobgoblin hits you.
* * * LOW HITPOINT WARNING * * *
x2 You feel sick.
The adder bites you.
You die...

#...#
#.........###..#.#.#####
#...#
#................#.#....
#...#
#.........####g#.#.#.###
#...#
#............#J###.#.#
#...#
.............#.....#.###
#####
....^........#g.........
...#####...J............
####Sg#####.........
#..@..# #.........
#.###.# #.........
#.#<#.# ##.#.#.###
#.#.#.# #.#.#.# #.#.#.#
#.#.#.# #...#.# #####.#
.#


You could see an adder, an endoplasm and a hobgoblin.

Vanquished Creatures
  An adder (D:2)
  A worm (D:2)
  3 dart slugs
  An orc (D:3)
  3 ball pythons
  5 bats
  3 endoplasms (D:1)
  4 giant cockroaches
  3 goblins
  7 hobgoblins
  4 quokkas (D:1)
  2 frilled lizards (D:1)
  4 kobolds
  9 rats
50 creatures vanquished.

Vanquished Creatures (others)
  92 foxfires
  5 toadstools (D:1)
  A withered plant (D:1)
98 creatures vanquished.

Grand Total: 148 creatures vanquished

Notes
Turn   | Place    | Note
-------+----------+-------------------------------------------
     0 | D:1      | Gwenloh the Deep Elf Fire Elementalist began the quest for
                  | the Orb.
     0 | D:1      | Reached XP level 1. HP: 10/10 MP: 6/6
   115 | D:1      | Reached XP level 2. HP: 15/15 MP: 4/8
   118 | D:1      | Learned a level 2 spell: Scorch
   504 | D:1      | Reached XP level 3. HP: 19/19 MP: 7/9
   510 | D:1      | Learned a level 3 spell: Conjure Flame
   514 | D:1      | Learned a level 3 spell: Inner Flame
   607 | D:1      | Found a faded altar of an unknown god.
  1128 | D:2      | Identified the +6 hand axe of Circular Logic {flame, rC+
                  | rCorr Str+3 Stlth+}
  1243 | D:2      | Reached skill level 4 in Fire Magic
  1622 | D:3      | Identified the +0 chain mail "Behoamuo" {Int+6 Stlth+}
  1765 | D:3      | Reached XP level 4. HP: 24/24 MP: 7/11
  1991 | D:3      | HP: 1/24 [poisoned by an adder]
  1991 | D:3      | Slain by an adder

Illustrated notes

Levels and vault maps discovered:
D:1:      ldierk_walled_garden, layout_rooms, ebering_ecumenical_altar_petrified
D:2:      layout_loops_ring
D:3:      minmay_octagon_keep, layout_basic

Skill      XL: |  1  2  3 |
---------------+----------+-----
Dodging        | 3 |  3.2
Conjurations   | 2 |  2.1
Fire Magic     | 4 |  4.1
Stealth        | |  2.4
Spellcasting   | |  3.8

Action                   |  1- 3 |  4- 6 || total
-------------------------+-------+-------++-------
 Cast: Foxfire           |    51 |     2 ||    53
       Scorch            |    13 |     5 ||    18
       Conjure Flame     |       |     1 ||     1
  Use: Potion            |       |     1 ||     1
Dodge: Dodged            |       |     7 ||     7

Table legend: (Time is in decaauts)
 A = Elapsed time spent in this place.
 B = Non-inter-level travel time spent in this place.
 C = Inter-level travel time spent in this place.
 D = Time resting spent in this place.
 E = Time spent auto-exploring this place.
 F = Levels seen in this place.
 G = Mean time per level.
                   A        B        C        D        E       F      G
               +--------+--------+--------+--------+--------+-----+--------+
         Total |   1993 |   1965 |     28 |      0 |   1645 |   3 |  664.3 |
       Dungeon |   1993 |   1965 |     28 |      0 |   1645 |   3 |  664.3 |
               +--------+--------+--------+--------+--------+-----+--------+

Top non-repeatable levels by time:
     D:1: 854 daAuts
     D:2: 724 daAuts
     D:3: 414 daAuts
